 Dungeon Crawl Stone Soup version 0.20.1-1-g8b1a95d (webtiles) character file.

757 mortelune the Cleaver (level 7, -1/63 HPs)
             Began as a Minotaur Berserker on Oct 30, 2017.
             Was a Priest of Trog.
             Slain by a slave (3 damage)
             ... led by Pikel
             ... on level 5 of the Dungeon.
             The game lasted 00:16:22 (4220 turns).

mortelune the Cleaver (Minotaur Berserker)          Turns: 4220, Time: 00:16:22

Health: -1/63      AC:  9    Str: 24    XL:     7   Next: 50%
Magic:  6/6        EV:  9    Int:  4    God:    Trog [***...]
Gold:   176        SH:  0    Dex:  9    Spells: 6/6 levels left

rFire    . . .     SeeInvis .   y - +0 battleaxe
rCold    . . .     Gourm    .   (shield currently unavailable)
rNeg     . . .     Faith    .   n - +0 chain mail
rPois    .         Spirit   .   (helmet restricted)
rElec    .         Reflect  .   (no cloak)
rCorr    .         Harm     .   (no gloves)
MR       .....                  (no boots)
Stlth    ..........             (no amulet)
Regen    0.2/turn               (no ring)
MPRegen  0.1/turn               (no ring)

@: lethally poisoned (-1 -> -3), invisible
A: retaliatory headbutt, horns 2
a: Berserk, Trog's Hand, Burn Spellbooks, Renounce Religion


You were on level 5 of the Dungeon.
You worshipped Trog.
Trog was most pleased with you.
You were near starving.

You visited 1 branch of the dungeon, and saw 5 of its levels.

You collected 364 gold pieces.
You spent 188 gold pieces at shops.

Inventory:

Hand Weapons
 a - a +0 hand axe
 k - a +0 hunting sling
 y - a +0 battleaxe (weapon)
Armour
 b - a +0 animal skin
 n - a +0 chain mail (worn)
Jewellery
 r - an uncursed ring of protection from cold {unknown}
 w - a cursed -2 ring of evasion {unknown}
Wands
 v - a wand of iceblast (4/15)
Scrolls
 c - a scroll of teleportation {unknown}
 i - 8 scrolls of identify
 l - a scroll of enchant armour {unknown}
 o - a scroll of fog {unknown}
 s - a scroll of amnesia {unknown}
 u - 3 scrolls of remove curse {unknown}
Potions
 d - 2 potions of flight
 e - a potion of cancellation {unknown}
 f - 2 potions of haste {unknown}
 g - a potion of invisibility
 h - 2 potions of curing {unknown}
 q - a potion of heal wounds {unknown}
 t - a potion of lignification {unknown}
 x - a potion of agility {unknown}
Comestibles
 j - 5 royal jellies
 m - 2 fruits
 p - 3 meat rations


   Skills:
 + Level 6.2 Fighting
 * Level 8.1 Axes
 + Level 5.2 Armour
 - Level 2.1 Dodging


You had 6 spell levels left.
You didn't know any spells.

Dungeon Overview and Level Annotations

Branches:
Dungeon (5/15)
 Temple: D:4-7

Altars:
Cheibriados
Trog

Shops:
D:5 (

Annotations:
D:5 Pikel


Innate Abilities, Weirdness & Mutations

You reflexively headbutt those who attack you in melee.
You have a pair of horns on your head.


Message History

You closely miss Pikel. Your headbutt misses Pikel.
Pikel is severely wounded.
Your chain mail prevents you from hitting the slave.
The slave barely misses you. Pikel hits you with a whip of flaming!
* * * LOW HITPOINT WARNING * * *
Pikel burns you.
* * * LOW HITPOINT WARNING * * *
The slave hits you!
* * * LOW HITPOINT WARNING * * *
You barely miss Pikel. Your headbutt misses Pikel.
Pikel is severely wounded.
You barely miss the slave.
* * * LOW HITPOINT WARNING * * *
You feel sick. Pikel hits you but does no damage. The slave hits you.
* * * LOW HITPOINT WARNING * * *
It was a potion of invisibility.
You fade into invisibility!
* * * LOW HITPOINT WARNING * * *
You feel sick. Pikel closely misses you. The slave hits you.
You die...

.#.### #.# .#.# #.# #.
.#.# #.# #. .#.# #.# #.#
.#.######.####.##
.+...............
.#.######...##.## #
.#.######.####.#####.#####
................@Kp.......
##.######.#######p##.#####
##.# #.........# # ##.#
#########.# ##. #########
#.# # ........# #..
############.####.##.
.....................
#############.####.#.


You could see Pikel and 2 slaves.

Vanquished Creatures
  2 slaves (D:5)
  3 ogres
  A scorpion (D:5)
  3 orc wizards
  2 worker ants (D:4)
  A worker ant zombie (D:5)
  8 adders
  2 worms
  3 dart slugs
  8 orcs
  3 giant cockroaches
  7 goblins
  11 hobgoblins
  14 jackals
  7 kobolds
  A quokka (D:4)
  3 ball pythons
  5 bats
  5 frilled lizards
  A leopard gecko skeleton (D:4)
  5 rats
95 creatures vanquished.

Vanquished Creatures (others)
  The ghost of Jorbantar the Magician, an amateur SpVM (D:5)
1 creature vanquished.

Grand Total: 96 creatures vanquished

Notes
Turn   | Place    | Note
-------+----------+-------------------------------------------
     0 | D:1      | mortelune the Minotaur Berserker began the quest for the Orb.
     0 | D:1      | Reached XP level 1. HP: 19/19 MP: 0/0
    84 | D:1      | Found a snail-covered altar of Cheibriados.
   232 | D:1      | Reached XP level 2. HP: 14/27 MP: 1/1
   430 | D:1      | Reached skill level 4 in Axes
   884 | D:1      | Reached XP level 3. HP: 33/33 MP: 2/2
   946 | D:1      | Reached ** piety under Trog
  1885 | D:2      | Reached XP level 4. HP: 39/41 MP: 3/3
  1902 | D:2      | Reached skill level 5 in Axes
  2004 | D:2      | Found a faded altar of an unknown god.
  2281 | D:3      | Found a bloodstained altar of Trog.
  2442 | D:3      | You fall through a shaft!
  2486 | D:4      | Reached XP level 5. HP: 47/47 MP: 4/4
  2713 | D:3      | Reached *** piety under Trog
  2723 | D:3      | Reached skill level 5 in Fighting
  3038 | D:3      | Reached skill level 6 in Axes
  3243 | D:4      | Noticed an ogre
  3254 | D:4      | Killed an ogre
  3254 | D:4      | Reached XP level 6. HP: 27/56 MP: 5/5
  3591 | D:4      | Reached skill level 7 in Axes
  3814 | D:5      | Entered Level 5 of the Dungeon
  3879 | D:5      | Reached XP level 7. HP: 62/62 MP: 6/6
  3963 | D:5      | Found Baosab's Antique Weapon Emporium.
  3969 | D:5      | Bought a battleaxe for 188 gold pieces
  4197 | D:5      | Noticed Jorbantar's ghost (amateur SpVM)
  4206 | D:5      | Noticed Pikel
  4210 | D:5      | Killed Jorbantar's ghost
  4210 | D:5      | Reached skill level 8 in Axes
  4210 | D:5      | Reached skill level 5 in Armour
  4219 | D:5      | HP: 3/63 [slave[Pikel] (1)]
  4220 | D:5      | Slain by a slave

Skill      XL: |  1  2  3  4  5  6  7 |
---------------+----------------------+-----
Fighting       | 4 5 6 |  6.2
Axes           | 4 5 6 7 8 |  8.1
Armour         | 3 4 5 |  5.2
Dodging        | |  2.1

Action                   |  1- 3 |  4- 6 |  7- 9 || total
-------------------------+-------+-------+-------++-------
Melee: Hand axe          |    98 |   131 |    10 ||   239
       Headbutt          |     9 |    15 |     2 ||    26
       Battleaxe         |       |       |    17 ||    17
Invok: Berserk           |     2 |     5 |       ||     7
  Use: Scroll            |       |     3 |       ||     3
       Potion            |       |       |     1 ||     1
 Stab: Confused          |       |       |     2 ||     2
       Distracted        |       |       |     1 ||     1
  Eat: Chunk             |     2 |     4 |       ||     6
       Bread ration      |     1 |     1 |       ||     2
Armor: Animal skin       |    27 |       |       ||    27
       Chain mail        |     3 |    52 |    17 ||    72
Dodge: Dodged            |    58 |    20 |    16 ||    94
Block: Large shield      |    13 |    77 |     2 ||    92
